 Dungeon Crawl Stone Soup version 0.28.0-53-g5a82cb258f (webtiles) character file.

Game seed: 3999172363398556359

8757 Peloso the Carver (level 11, -3/97 HPs)
             Began as a Minotaur Fighter on June 6, 2022.
             Was a High Priest of Okawaru.
             Slain by an entropy weaver simulacrum (14 damage)
             ... in an ice cave.
             The game lasted 00:21:18 (13129 turns).

Peloso the Carver (Minotaur Fighter)               Turns: 13129, Time: 00:21:19

Health: -3/97      AC: 19    Str: 22    XL:     11   Next: 14%
Magic:  10/11      EV:  8    Int:  5    God:    Okawaru [*****.]
Gold:   495        SH:  6    Dex: 13    Spells: 10/10 levels left

rFire   x . .      SeeInvis .   a - +0 long sword
rCold   + . .      Faith    +   c - +0 buckler
rNeg    . . .      Spirit   .   E - +0 plate armour
rPois   .          Reflect  .   (helmet restricted)
rElec   .          Harm     .   f - +0 cloak
rCorr   .          Rampage  .   z - +1 pair of gloves {hurl}
Will    .....                   (no boots)
Stlth   ..........              e - amulet of faith
HPRegen 0.26/turn               q - ring of flight
MPRegen 0.12/turn               t - ring of ice

@: flying, slowed, very slow
A: horns 2, retaliatory headbutt
a: Renounce Religion, Heroism, Finesse, Duel


You were in an ice cave.
You worshipped Okawaru.
Okawaru was extremely pleased with you.
You visited 1 branch of the dungeon, and saw 11 of its levels.
You also visited: Ossuary and Ice Cave.

You collected 495 gold pieces.

Inventory:

Hand Weapons
 a - a +0 long sword (weapon)
 b - a +1 whip of flaming
Armour
 c - a +0 buckler (worn)
 f - a +0 cloak (worn)
 z - a +1 pair of gloves of hurling (worn)
 E - a +0 plate armour (worn)
Jewellery
 e - an amulet of faith (around neck)
 q - a ring of flight (left hand)
 t - a ring of ice (right hand)
 A - an amulet of magic regeneration
 D - a +6 ring of intelligence
Wands
 k - a wand of flame (8)
 v - a wand of iceblast (13)
 y - a wand of paralysis (13)
 C - a wand of polymorph (5)
Scrolls
 m - 2 scrolls of teleportation
 n - a scroll of summoning
 o - 3 scrolls of fear
 p - 2 scrolls of magic mapping
 s - 3 scrolls of immolation
 u - 4 scrolls of enchant weapon
 w - 2 scrolls of amnesia
 x - 3 scrolls of enchant armour
 F - a scroll of blinking
Potions
 d - 2 potions of might
 g - 9 potions of curing
 h - 2 potions of heal wounds
 j - 2 potions of ambrosia
 r - 2 potions of brilliance
Miscellaneous
 l - a piece from Xom's chessboard (15/15)
 B - a box of beasts


   Skills:
 + Level 9.0 Fighting
 + Level 12.8 Long Blades
 + Level 11.9 Armour
 + Level 3.5 Dodging
 + Level 1.0 Stealth
 + Level 7.3 Shields
 + Level 2.4 Invocations
 + Level 1.4 Evocations


You had 10 spell levels left.
You didn't know any spells.
Your spell library contained the following spells:

 Spells                   Type           Power      Damage    Failure   Level
 Blink                    Tloc           0%         N/A       100%        2
 Scorch                   Fire           0%         2d5       100%        2
 Conjure Flame            Conj/Fire      0%         6-21      100%        3
 Dazzling Flash           Conj/Hex       0%         N/A       100%        3
 Ignite Poison            Fire/Tmut/Pois 0%         N/A       100%        3
 Lesser Beckoning         Tloc           0%         N/A       100%        3
 Flame Wave               Conj/Fire      0%         2d4       100%        4
 Sticky Flame             Conj/Fire      0%         2d3       100%        4
 Agony                    Necr           0%         N/A       100%        5
 Manifold Assault         Tloc           0%         N/A       100%        5
 Silence                  Hex/Air        0%         N/A       100%        5
 Summon Cactus Giant      Summ           Unusable   N/A       N/A         6

Dungeon Overview and Level Annotations

Branches:
Dungeon (11/15)            Temple (0/1) D:5            Lair (0/6) D:9
Ossuary (visited)           IceCv (1/1)
    Orc: D:9-12

Altars:
Ashenzari
Fedhas
Makhleb
Nemelex Xobeh
Okawaru
Qazlal
Ru
Sif Muna
Trog
Uskayaw
Xom
Yredelemnul
Zin

Shops:
D:2 (   D:3 (   D:8 (

Annotations:
D:3 1 runed translucent door, slugheadthewise's ghost, amateur MiFi


Innate Abilities, Weirdness & Mutations

You have a pair of horns on your head.
You reflexively headbutt those who attack you in melee.


Message History

The freezing wraith hits you but does no damage. x2
You block the entropy weaver simulacrum's attack.
The entropy weaver simulacrum closely misses you.
You block the entropy weaver simulacrum's attack.
The entropy weaver simulacrum closely misses you.
You hit the freezing wraith but do no damage.
The freezing wraith is almost destroyed.
The freezing wraith hits you. The freezing wraith freezes you! You resist.
The freezing wraith hits you but does no damage.
You block the entropy weaver simulacrum's attack.
The entropy weaver simulacrum hits you.
The entropy weaver simulacrum freezes you!
You resist.
* * * LOW HITPOINT WARNING * * *
The entropy weaver simulacrum closely misses you.
The entropy weaver simulacrum hits you!
* * * LOW HITPOINT WARNING * * *
The entropy weaver simulacrum freezes you!
You resist.
* * * LOW HITPOINT WARNING * * *
You feel much better. The freezing wraith barely misses you.
The freezing wraith hits you but does no damage. x2
The freezing wraith closely misses you.
You slash the freezing wraith!
You destroy the freezing wraith!
Okawaru is honoured by your kill.
Unknown command.
You barely miss the entropy weaver simulacrum.
You headbutt the entropy weaver simulacrum!
The entropy weaver simulacrum is moderately damaged.
You feel like a meek peon again. The entropy weaver simulacrum hits you.
The entropy weaver simulacrum freezes you!
You resist.
* * * LOW HITPOINT WARNING * * *
The entropy weaver simulacrum hits you.
* * * LOW HITPOINT WARNING * * *
The entropy weaver simulacrum freezes you!
You resist.
You die...

# ##. ###
#... ##.#
##.. ##...
###... ##....
##...#
####.....
#...#
##........
#.Z###
##....###..
#..@.##
#...### ###
##....##
#..## #
###...###...#
##...###..##
##...###..##
##...###..##
###.......#
###....##
######


You could see an entropy weaver simulacrum.

Vanquished Creatures
  2 two-headed ogres
  Pikel (D:7)
  Joseph (D:7)
  A freezing wraith (IceCv)
  2 ice devils (IceCv)
  2 shadows
  8 yaks
  A steam dragon (D:9)
  Menkaure (D:7)
  2 acid dragons (D:9)
  2 water moccasins
  3 orc warriors
  An ice beast (D:6)
  2 sky beasts
  A necrophage (D:4)
  4 ogres
  2 centaurs
  A kobold brigand (D:9)
  3 bullfrogs
  An elf zombie (Ossuary)
  3 two-headed ogre simulacra
  A wyvern skeleton (D:7)
  3 cane toad simulacra (IceCv)
  4 elephant simulacra (IceCv)
  2 water moccasin skeletons
  11 killer bees
  8 wights (D:7)
  A jelly (D:8)
  2 electric eels (D:7)
  An orc priest (D:8)
  2 hounds
  A human zombie (Ossuary)
  A gnoll shaman (D:4)
  2 iguanas
  A scorpion zombie (D:5)
  8 orc wizards
  4 troll simulacra
  2 polar bear simulacra (IceCv)
  A spriggan simulacrum (D:11)
  4 mummies (Ossuary)
  2 howler monkey zombies
  8 adders
  5 gnolls
  A naga simulacrum (IceCv)
  A shadow imp (D:5)
  3 white imps
  4 ufetubi
  2 adder zombies (Ossuary)
  5 dart slugs
  20 orcs
  5 endoplasms
  2 giant cockroaches
  A gnoll zombie (Ossuary)
  9 goblins
  5 hobgoblins
  2 quokkas
  4 ball pythons
  4 bats
  A frilled lizard (D:1)
  3 goblin zombies (Ossuary)
  A hobgoblin zombie (Ossuary)
  A jackal zombie (Ossuary)
  15 kobolds
  A kobold zombie (Ossuary)
  3 rats
  A rat zombie (Ossuary)
212 creatures vanquished.

Vanquished Creatures (others)
  3 fungi (D:5)
  2 plants (D:5)
5 creatures vanquished.

Grand Total: 217 creatures vanquished

Notes
Turn   | Place    | Note
-------+----------+-------------------------------------------
     0 | D:1      | Peloso the Minotaur Fighter began the quest for the Orb.
     0 | D:1      | Reached XP level 1. HP: 19/19 MP: 0/0
   121 | D:1      | Reached XP level 2. HP: 27/27 MP: 1/1
   642 | D:1      | Reached XP level 3. HP: 19/33 MP: 2/2
   793 | D:1      | Reached skill level 3 in Long Blades
   825 | D:1      | Found a faded altar of an unknown god.
   825 | D:1      | Noticed a sixfirhy
  1261 | D:2      | Found Byv Pav's Weapon Boutique.
  1610 | D:2      | Reached XP level 4. HP: 40/40 MP: 3/3
  1839 | D:3      | Reached skill level 4 in Long Blades
  1953 | D:3      | Found an iron altar of Okawaru.
  1966 | D:3      | Became a worshipper of Warmaster Okawaru
  1979 | D:3      | Found a runed translucent door.
  1979 | D:3      | Noticed slugheadthewise's ghost (amateur MiFi)
  2405 | D:3      | Found Bisesute's Weapon Emporium.
  2647 | D:4      | HP: 2/40 [gnoll/+0 flail (7)]
  2664 | D:4      | Found a sand-covered staircase.
  2669 | Ossuary  | Entered an ossuary
  2700 | Ossuary  | Reached skill level 5 in Armour
  2700 | Ossuary  | Reached XP level 5. HP: 38/46 MP: 4/4
  2708 | Ossuary  | Reached skill level 1 in Dodging
  2950 | Ossuary  | Reached skill level 5 in Long Blades
  2950 | Ossuary  | Reached XP level 6. HP: 53/53 MP: 5/5
  3226 | D:4      | Reached * piety under Okawaru
  3744 | D:4      | Reached skill level 6 in Long Blades
  3936 | D:4      | Reached XP level 7. HP: 57/60 MP: 6/6
  4112 | D:5      | Entered Level 5 of the Dungeon
  4119 | D:5      | Reached skill level 7 in Long Blades
  4224 | D:5      | Noticed a yak
  4225 | D:5      | Noticed a yak
  4229 | D:5      | Noticed a yak
  4234 | D:5      | Killed a yak
  4234 | D:5      | Reached ** piety under Okawaru
  4248 | D:5      | Killed a yak
  4249 | D:5      | Reached skill level 5 in Fighting
  4249 | D:5      | Reached skill level 5 in Shields
  4611 | D:5      | Found a staircase to the Ecumenical Temple.
  4644 | D:5      | Reached skill level 8 in Long Blades
  4644 | D:5      | Reached XP level 8. HP: 25/68 MP: 4/7
  4908 | D:5      | Found a blossoming altar of Fedhas.
  4936 | D:5      | Found a stormy altar of Qazlal.
  5150 | D:5      | Found a hide-covered altar of Uskayaw.
  5154 | D:5      | Found a sacrificial altar of Ru.
  5159 | D:5      | Found a basalt altar of Yredelemnul.
  5160 | D:5      | Found a broken altar of Ashenzari.
  5161 | D:5      | Found a glowing silver altar of Zin.
  5162 | D:5      | Found a sparkling altar of Nemelex Xobeh.
  5165 | D:5      | Found a bloodstained altar of Trog.
  5291 | D:5      | Reached *** piety under Okawaru
  5292 | D:5      | Reached skill level 1 in Invocations
  5629 | D:6      | Reached skill level 9 in Long Blades
  6158 | D:6      | Identified the +1 short sword "Xisis" {vorpal, Stlth+}
  6472 | D:6      | Reached XP level 9. HP: 68/75 MP: 9/9
  6561 | D:6      | Reached **** piety under Okawaru
  6932 | D:7      | Noticed Menkaure
  6938 | D:7      | Killed Menkaure
  6939 | D:7      | Reached skill level 10 in Long Blades
  7305 | D:7      | Noticed Pikel
  7323 | D:7      | Killed Pikel
  7425 | D:7      | Reached ***** piety under Okawaru
  7813 | D:7      | Noticed Joseph
  7824 | D:7      | Killed Joseph
  7825 | D:7      | Reached skill level 10 in Armour
  8512 | D:8      | Reached skill level 11 in Long Blades
  8512 | D:8      | Reached XP level 10. HP: 86/86 MP: 10/10
  8777 | D:8      | Found a shimmering blue altar of Sif Muna.
  8789 | D:8      | Found Juerudit's Weapon Shop.
  8916 | D:8      | Noticed a two-headed ogre
  8924 | D:8      | Killed a two-headed ogre
  8924 | D:8      | Received a gift from Okawaru
  8925 | D:8      | Reached skill level 1 in Evocations
 10433 | D:9      | Found a staircase to the Lair.
 10588 | D:9      | Found a burning altar of Makhleb.
 10935 | D:10     | Entered Level 10 of the Dungeon
 10987 | D:10     | Reached skill level 12 in Long Blades
 11482 | D:10     | Found a shimmering altar of Xom.
 11872 | D:10     | Noticed a two-headed ogre
 11883 | D:10     | Killed a two-headed ogre
 11883 | D:10     | Reached ****** piety under Okawaru
 11883 | D:10     | Received a gift from Okawaru
 11884 | D:10     | Reached skill level 1 in Stealth
 12011 | D:11     | Found a frozen archway.
 12208 | IceCv    | Entered an ice cave
 12228 | IceCv    | Reached XP level 11. HP: 24/95 MP: 9/11
 13129 | IceCv    | Slain by an entropy weaver simulacrum

Illustrated notes

Levels and vault maps discovered:
D:1:      dpeg_arrival_fog, layout_loops_ring,
          dreamdust_ecumenical_altar_sealed_demon
D:2:      layout_loops_ring, serial_shops, nicolae_shop_bloodbath_and_beyond
D:3:      layout_basic, okawaru_gym_becter, hellmonk_ghost_happy_afterlife,
          serial_shops, shop
D:4:      layout_gridville, enter_ossuary_2, minivault_25
D:5:      layout_loops_cross, grunt_temple_overflow_forces_of_nature,
          minitemple, minmay_temple_entry_statues, abandoned_shop
D:6:      layout_cave_pods, minmay_a_box_with_orc_wizards_in_it
D:7:      layout_rooms, minmay_misc_feat_encased, kennysheep_big_empty_room,
          uniq_pikel, uniq_menkaure, uniq_joseph
D:8:      layout_basic, kennysheep_little_box, serial_shops, shop_statue
D:9:      layout_layer_cave, bloody_makhleb, lair_entry_dummy
D:10:     layout_rooms, xom_butterflies
D:11:     layout_roguey, portal_ice_cave_entry_ice_simulacra, serial_glass,
          glass_columns_b, glass_columns_a
IceCv:    ice_cave_small_necro

Skill      XL: |  1  2  3  4  5  6  7  8  9 10 11 |
---------------+----------------------------------+-----
Armour         | 4 5 6 8 10 11 | 11.9
Fighting       | 4 5 6 7 8 9 |  9.0
Long Blades    | 3 4 5 6 8 9 11 12 | 12.8
Shields        | 4 5 6 7 |  7.3
Dodging        | 1 2 3 |  3.5
Invocations    | 1 2 |  2.4
Evocations     | 1 |  1.4
Stealth        | 1 |  1.0

Action                   |  1- 3 |  4- 6 |  7- 9 | 10-12 || total
-------------------------+-------+-------+-------+-------++-------
Melee: Long sword        |    59 |   158 |   224 |   265 ||   706
       Headbutt          |     9 |    35 |    48 |    62 ||   154
Invok: Heroism           |       |     2 |     6 |    12 ||    20
Evoke: Wand              |       |       |    13 |     2 ||    15
  Use: Potion            |       |     3 |       |     1 ||     4
       Scroll            |       |     5 |       |    11 ||    16
Armor: Scale mail        |    32 |    50 |       |       ||    82
       Chain mail        |       |    42 |    96 |    35 ||   173
       Plate armour      |       |       |       |    90 ||    90
Dodge: Dodged            |    26 |    76 |    65 |    94 ||   261
Block: Buckler           |     5 |    54 |    63 |    73 ||   195
